Map: 뉴 리퍼그넌시 - 래더

Players

soO - Winner!

  • Race: Zerg Zerg
  • Spawn Location: 7:00

OGZest (Zest)

  • Race: Protoss Protoss
  • Spawn Location: 1:00

Event: HomeStory Cup XIX

VOD

Have the link to the VOD?

Description

Time

  • Played on: June 28, 2019, 11:39 a.m.
  • Length: 23:52

All games in this series

Show
View Real Time Build Order
Export as new Build Order

soO Zerg - Winner!

Build Orders: Hatch First, Brood Lord Corruptor 

Get SALT Encoding   

  12  0:00  Drone  
  13  0:12  Overlord  
  13  0:16  Drone  
  14  0:30  Drone x2  
  14  0:34  Drone  
  17  0:54  Drone  
  18  1:00  Hatchery  
  18  1:02  Drone  
  18  1:11  Extractor  
  18  1:14  Spawning Pool  
  16  1:19  Drone  
  16  1:23  Drone  
  18  1:29  Drone  
  19  1:38  Drone  
  20  1:51  Hatchery  
  20  1:53  Drone  
  20  2:00  Drone  
  21  2:11  Drone  
  21  2:12  Queen  
  24  2:16  Drone  
  25  2:24  Drone, Overlord  
  26  2:32  Queen  
  28  2:37  Metabolic Boost  
  28  2:43  Drone  
  28  2:44  Drone  
  30  2:49  Drone x2  
  31  2:54  Queen  
  31  2:58  Zergling x2  
  34  2:59  Drone  
  34  3:04  Drone  
  36  3:09  Queen  
  38  3:14  Drone, Overlord  
  38  3:17  Zergling x2  
  40  3:23  Drone x2  
  42  3:30  Overlord  
  43  3:34  Drone x2, Queen  
  43  3:38  Spore Crawler  
  43  3:40  Drone, Spore Crawler  
  45  3:42  Drone  
  46  3:50  Drone x4  
  46  3:51  Drone  
  51  3:57  Drone  
  52  4:05  Overlord  
  52  4:07  Drone, Overlord  
  52  4:09  Drone  
  54  4:10  Drone x4  
  54  4:15  Overlord  
  58  4:17  Overlord  
  58  4:20  Overlord  
  58  4:25  Spore Crawler  
  58  4:28  Zergling x4  
  58  4:29  Drone x3  
  58  4:30  Drone  
  63  4:32  Extractor x2  
  63  4:34  Lair  
  63  4:36  Drone  
  63  4:38  Zergling x2  
  63  4:40  Zergling x2  
  63  4:42  Zergling x4  
  63  4:44  Zergling x4  
  66  4:53  Zergling x8  
  70  5:01  Overlord  
  70  5:11  Drone x3  
  70  5:13  Roach Warren  
  72  5:18  Drone x5  
  77  5:23  Zergling x2  
  77  5:29  Zergling x4  
  79  5:40  Overseer  
  79  5:44  Overlord  
  79  5:48  Extractor x2  
  74  5:54  Glial Reconstitution  
  74  5:55  Roach x11  
  96  6:08  Roach x4  
  104  6:13  Evolution Chamber  
  104  6:17  Overlord x2  
  103  6:24  Ravager x2  
  105  6:30  Drone, Overlord  
  105  6:36  Drone x2  
  105  6:37  Drone x5  
  105  6:38  Drone  
  111  6:42  Zerg Missile Weapons Level 1  
  111  6:43  Drone x2  
  111  6:44  Drone  
  114  6:47  Overlord x2  
  114  6:50  Roach  
  114  6:51  Roach  
  118  6:54  Overseer, Overlord x2  
  118  6:57  Overlord  
  118  7:01  Overlord  
  118  7:05  Ravager x2  
  118  7:07  Roach x2  
  124  7:17  Drone x3  
  124  7:22  Roach x6  
  133  7:42  Drone x3  
  133  7:43  Drone x4  
  140  7:47  Hatchery  
  140  7:48  Baneling Nest  
  138  7:53  Drone  
  138  7:56  Drone x4  
  143  7:59  Drone  
  144  8:22  Hatchery  
  144  8:26  Drone x3  
  144  8:27  Drone x6  
  148  8:31  Zergling x16  
  148  8:33  Centrifical Hooks  
  160  8:39  Ravager x3  
  160  8:40  Zergling x2, Ravager  
  160  8:41  Zergling x6  
  168  8:43  Overlord x2  
  168  8:45  Zerg Melee Weapons Level 1  
  168  8:46  Overlord  
  168  8:50  Baneling x11  
  168  8:51  Overlord  
  168  8:53  Zergling x4  
  168  8:55  Overlord  
  170  8:56  Infestation Pit  
  169  9:05  Zergling x12  
  159  9:11  Zergling x10  
  161  9:19  Zergling x14  
  161  9:22  Drone x2  
  170  9:28  Baneling x2  
  170  9:31  Spire  
  170  9:34  Zergling x10  
  170  9:36  Hive  
  174  9:39  Baneling x9  
  174  9:44  Zergling x12  
  174  9:45  Zergling x6  
  183  9:48  Drone  
  183  9:49  Spore Crawler  
  183  9:57  Zergling x10  
  188  10:01  Baneling x7  
  188  10:06  Drone x9  
  197  10:11  Drone x2  
  197  10:12  Extractor  
  197  10:13  Extractor  
  197  10:25  Drone  
  198  10:30  Drone x2  
  198  10:35  Baneling x13  
  200  10:41  Zerg Melee Weapons Level 2  
  200  10:49  Greater Spire, Hatchery, Adrenal Glands  
  199  10:50  Extractor  
  199  10:54  Baneling x8  
  198  10:58  Drone x2  
  199  11:10  Spine Crawler  
  199  11:11  Drone x2, Spine Crawler x2  
  193  11:12  Drone  
  193  11:14  Extractor, Spine Crawler  
  193  11:22  Corruptor x3  
  199  11:31  Overseer  
  194  11:36  Spore Crawler  
  194  11:38  Overseer x2, Pneumatized Carapace  
  193  11:49  Corruptor x3  
  193  11:52  Drone x2  
  198  11:55  Spine Crawler  
  198  11:57  Spine Crawler  
  196  12:06  Zerg Flyer Weapons Level 1  
  196  12:07  Extractor, Corruptor x2  
  199  12:09  Hatchery  
  173  12:38  Brood Lord x7  
  173  12:39  Brood Lord  
  187  12:48  Corruptor x5  
  193  13:04  Corruptor x5  
  199  13:19  Spawning Pool  
  198  13:21  Overseer  
  193  13:35  Drone x2, Corruptor x2  
  193  13:37  Drone  
  200  13:49  Zerg Melee Weapons Level 3  
  200  13:51  Overseer  
  200  13:52  Overseer x3  
  200  14:21  Zerg Flyer Weapons Level 2  
  200  14:31  Spore Crawler  
  200  14:32  Spore Crawler  
  200  14:33  Spore Crawler  
  200  14:34  Spore Crawler x2  
  200  14:35  Spore Crawler  
  200  14:36  Spore Crawler  
  200  14:37  Spore Crawler  
  191  14:38  Spore Crawler  
  191  14:40  Infestor x4  
  198  14:50  Infestor  
  200  15:10  Infestor  
  184  15:37  Corruptor x8  
  200  15:43  Spore Crawler  
  200  15:44  Spore Crawler x2  
  200  15:46  Spore Crawler  
  116  16:30  Corruptor x10  
  100  16:34  Zergling x72  
  134  16:42  Roach x19  
  134  16:46  Overlord  
  170  16:47  Overlord  
  170  16:53  Baneling  
  170  16:54  Baneling x9  
  168  16:58  Corruptor x5  
  173  17:03  Overlord x2  
  173  17:04  Overlord  
  164  17:15  Overseer  
  162  17:27  Drone x3  
  165  17:35  Brood Lord  
  165  17:36  Brood Lord  
  169  17:39  Hatchery  
  169  17:41  Drone x3  
  171  17:48  Brood Lord  
  171  17:49  Brood Lord  
  175  17:56  Brood Lord  
  177  18:00  Brood Lord  
  177  18:01  Infestor  
  177  18:03  Infestor  
  183  18:08  Drone  
  183  18:29  Infestor x5  
  183  18:32  Drone x2  
  195  18:39  Infestor  
  195  18:40  Infestor  
  199  18:48  Drone x2  
  199  18:49  Overseer  
  199  18:53  Spore Crawler  
  199  18:54  Spore Crawler  
  197  18:55  Drone  
  197  18:56  Drone x2  
  200  19:14  Spore Crawler  
  200  19:16  Spore Crawler  
  198  19:21  Zerg Flyer Weapons Level 3  
  198  19:22  Spore Crawler  
  197  19:25  Spore Crawler x2  
  197  19:27  Spore Crawler  
  184  19:42  Drone x3  
  187  19:46  Queen  
  187  19:47  Queen  
  187  19:50  Corruptor x4  
  193  20:11  Brood Lord x2  
  193  20:13  Drone x3  
  196  20:33  Spore Crawler  
  196  20:34  Corruptor x5, Spore Crawler  
  199  20:36  Spore Crawler  
  199  20:40  Zergling x2  
  196  20:44  Drone x2  
  196  20:47  Drone x3  
  197  21:08  Viper x2  
  169  21:12  Infestor x2  
  169  21:13  Infestor x6  
  169  21:14  Zergling x20  
  169  21:16  Extractor  
  169  21:17  Extractor  
  193  21:31  Spore Crawler  
  193  21:32  Spore Crawler  
  191  21:33  Baneling x7  
  191  21:34  Spore Crawler  
  191  21:35  Spore Crawler  
  189  21:44  Overseer  
  186  21:56  Baneling x2, Zergling x4  
  186  21:57  Zergling x8, Queen  
  194  22:07  Zergling x10  
  199  22:09  Hatchery  
  197  22:23  Baneling  
  197  22:24  Baneling x4  
  197  22:27  Drone x2  
  195  22:45  Drone x2  
  197  22:53  Zergling x4  
  190  23:07  Zergling x22  
  195  23:27  Spine Crawler x2  
  195  23:28  Spine Crawler  
Show
View Real Time Build Order
Export as new Build Order

OGZest Protoss 

Build Orders: 1 Gate Expand, Oracle Opening, Phoenix Opening, Archon Immortal 

Get SALT Encoding   

  12  0:00  Probe  
  13  0:12  Probe  
  14  0:18  Pylon  
  14  0:24  Probe  
  15  0:33  Probe  
  15  0:38  Gateway  
  15  0:41  Probe  
  16  0:49  Assimilator  
  17  0:51  Probe  
  18  1:03  Probe  
  19  1:15  Probe  
  20  1:30  Nexus  
  20  1:37  Cybernetics Core  
  21  1:40  Probe  
  21  1:46  Assimilator  
  21  1:52  Probe  
  22  1:56  Pylon  
  22  2:04  Probe  
  23  2:12  Probe  
  23  2:14  Adept  
  25  2:20  Probe  
  26  2:26  Stargate  
  27  2:30  Probe  
  27  2:32  Warp Gate  
  28  2:39  Probe  
  28  2:42  Probe  
  30  2:44  Adept  
  30  2:47  Probe  
  32  2:54  Probe  
  32  2:57  Probe  
  34  2:59  Oracle  
  35  3:06  Probe  
  35  3:09  Probe  
  40  3:18  Probe, Pylon  
  41  3:21  Probe  
  41  3:26  Gateway  
  42  3:27  Phoenix  
  42  3:31  Gateway  
  44  3:41  Twilight Council  
  44  3:44  Probe x2  
  44  3:46  Adept  
  48  3:51  Pylon  
  48  3:56  Probe x2  
  48  4:00  Resonating Glaives  
  50  4:07  Assimilator  
  50  4:08  Probe  
  50  4:09  Probe  
  52  4:10  Assimilator  
  52  4:19  Pylon  
  52  4:24  Adept x2  
  52  4:25  Adept  
  52  4:26  Probe  
  52  4:27  Probe  
  60  4:37  Robotics Facility  
  60  4:38  Probe  
  60  4:45  Adept x3  
  67  5:07  Adept  
  69  5:09  Pylon  
  69  5:10  Probe  
  69  5:12  Pylon  
  70  5:14  Pylon  
  70  5:19  Warp Prism  
  70  5:27  Probe, Adept  
  70  5:28  Sentry x2  
  79  5:37  Gateway  
  79  5:38  Gateway  
  79  5:44  Nexus  
  79  5:46  Immortal  
  83  5:58  Sentry x2  
  83  6:01  Pylon  
  87  6:05  Pylon  
  87  6:07  Forge  
  87  6:13  Stalker  
  87  6:14  Charge  
  89  6:23  Immortal  
  89  6:39  Protoss Ground Weapons Level 1  
  90  6:44  Probe x2  
  92  6:48  Gateway  
  92  6:49  Immortal, Gateway  
  92  6:50  Templar Archives  
  92  6:51  Gateway  
  92  7:01  Probe x2  
  92  7:04  Probe  
  92  7:05  Photon Cannon  
  92  7:08  Shield Battery  
  99  7:13  Probe x2  
  101  7:16  Probe  
  102  7:33  Immortal  
  102  7:35  Probe x2  
  108  7:38  Probe  
  108  7:40  Assimilator  
  108  7:43  Assimilator  
  109  7:47  Probe  
  109  7:48  Photon Cannon  
  109  7:49  Photon Cannon  
  110  7:55  Probe x2  
  110  7:56  Photon Cannon  
  112  7:59  Probe  
  113  8:07  Probe x2  
  113  8:08  Observer  
  113  8:11  Psionic Storm  
  116  8:23  High Templar x4, Pylon  
  116  8:25  Photon Cannon x2  
  124  8:27  Photon Cannon  
  124  8:28  Photon Cannon  
  124  8:32  Pylon  
  124  8:34  Pylon  
  124  8:35  Observer  
  125  8:42  Photon Cannon x2  
  125  8:44  High Templar x2  
  125  8:46  Protoss Ground Weapons Level 2  
  129  8:58  Pylon  
  129  8:59  Observer  
  129  9:00  Pylon  
  129  9:01  Pylon  
  119  9:12  Zealot  
  113  9:17  Observer  
  112  9:27  High Templar  
  112  9:28  Zealot x3, High Templar x3  
  126  9:32  Immortal  
  126  9:34  Probe x3  
  133  9:47  Dark Shrine, Gateway  
  133  9:49  Gateway  
  133  9:52  Archon  
  133  9:53  Archon, Nexus  
  133  9:54  Pylon  
  133  10:01  High Templar x2, Pylon  
  133  10:03  Immortal  
  133  10:06  Zealot  
  133  10:07  Zealot x5  
  141  10:12  Observer  
  153  10:18  Photon Cannon  
  153  10:20  Photon Cannon  
  153  10:21  Photon Cannon  
  153  10:22  Archon  
  153  10:25  Shield Battery  
  153  10:26  Shield Battery  
  153  10:45  High Templar x4  
  153  10:46  Zealot x6  
  173  10:50  Archon x2  
  173  10:52  Shield Battery  
  173  11:08  Dark Templar x3  
  173  11:09  Zealot x3  
  173  11:14  Assimilator  
  173  11:16  Probe  
  173  11:17  Probe x2  
  176  11:19  Assimilator  
  176  11:24  Shield Battery  
  176  11:25  Protoss Ground Weapons Level 3  
  176  11:26  Shield Battery  
  176  11:30  Photon Cannon  
  176  11:32  Photon Cannon  
  176  11:33  Photon Cannon  
  176  11:41  Stargate  
  176  11:42  Fleet Beacon  
  172  11:55  Protoss Air Weapons Level 1  
  170  12:05  Stargate x2  
  170  12:13  Photon Cannon  
  170  12:17  Photon Cannon  
  170  12:18  Photon Cannon  
  170  12:28  Tempest  
  181  12:37  Tempest  
  167  12:38  Tempest x2  
  175  12:54  Stalker x2  
  175  13:06  Tempest  
  180  13:13  Zealot  
  180  13:14  Zealot x7  
  196  13:24  Void Ray x2  
  196  13:27  Void Ray  
  186  13:50  Void Ray  
  186  13:52  Void Ray, Protoss Air Weapons Level 2  
  190  13:59  Void Ray  
  190  14:08  Protoss Shields Level 1  
  198  14:10  Zealot  
  198  14:11  Void Ray  
  196  14:29  Observer  
  196  14:33  Void Ray, Cybernetics Core  
  199  14:38  Observer  
  198  15:10  Oracle x2  
  196  15:28  Void Ray  
  194  15:29  Zealot x2  
  188  15:38  Void Ray  
  188  15:41  Gateway  
  182  16:01  Void Ray  
  165  16:04  Warp Prism  
  165  16:05  Zealot x3  
  165  16:06  Zealot x2  
  169  16:17  Pylon  
  169  16:18  Pylon  
  160  16:20  Pylon x2  
  145  16:27  Zealot x8  
  151  16:33  Void Ray x2, Nexus  
  151  16:34  Void Ray  
  151  16:39  Dark Templar x2  
  163  16:45  Void Ray  
  167  16:57  High Templar  
  167  16:58  High Templar x5  
  169  17:13  Observer  
  150  17:22  High Templar x2  
  153  17:23  High Templar x2  
  153  17:29  Archon x2  
  159  17:30  Protoss Air Weapons Level 3  
  159  17:35  Pylon  
  159  17:44  Observer  
  160  17:58  Assimilator  
  160  18:05  Dark Templar  
  161  18:22  Dark Templar  
  162  18:30  Dark Templar x2  
  166  18:35  Archon  
  164  18:57  Void Ray x2  
  164  18:59  Void Ray, Nexus  
  176  19:10  Pylon  
  176  19:15  Observer  
  177  19:28  Zealot x6  
  183  19:32  Nexus  
  187  19:45  Photon Cannon  
  183  19:47  Photon Cannon  
  183  19:49  Shield Battery  
  183  19:50  Shield Battery  
  183  19:53  Dark Templar x4  
  183  19:59  Archon x2  
  191  20:03  Zealot x4  
  187  20:17  Assimilator  
  187  20:19  Assimilator  
  189  20:29  Dark Templar  
  189  20:34  Pylon  
  179  20:42  Nexus  
  177  20:45  Pylon  
  177  20:47  Protoss Air Armor Level 1  
  177  20:50  Protoss Shields Level 2  
  177  20:53  Observer  
  177  20:54  Dark Templar  
  176  21:04  Archon  
  176  21:07  Carrier  
  172  21:14  Photon Cannon  
  172  21:17  Photon Cannon  
  178  21:18  Shield Battery  
  178  21:19  Shield Battery  
  178  21:36  Dark Templar  
  180  21:45  Carrier  
  180  21:49  Carrier  
  190  22:17  Pylon  
  190  22:26  Nexus  
  190  22:27  Pylon  
  190  22:29  Observer  
  190  22:42  Pylon  
  190  22:44  Dark Templar x2  
  190  22:45  Dark Templar  
  196  23:02  Assimilator  
  196  23:03  Zealot  
  198  23:06  Zealot  
  198  23:07  Assimilator  
Tags
 
Add a new tag
Caveats
  • Supply blocks, unpowered buildings, or Contaminate may cause inaccurate times.
  • Supply counts are checked every 10 seconds.